 Dungeon Crawl Stone Soup version 0.29.1-2-gbd0b4ee654 (webtiles) character file.

Game seed: 18378681328377778256

48 Mitcholas the Ducker (level 4, -4/32 HPs)
             Began as a Djinni Fire Elementalist on Nov 8, 2022.
             Slain by Sigmund
             ... wielding a +2 vorpal scythe
              (12 damage)
             ... on level 2 of the Dungeon.
             The game lasted 00:08:23 (2257 turns).

Mitcholas the Ducker (Djinni Fire Elementalist)     Turns: 2257, Time: 00:08:24

Health: -4/32      AC:  2    Str:  7    XL:     4   Next: 0%
Gold:   44         EV: 13    Int: 18    God:
                   SH:  0    Dex: 14

rFire   + + .      SeeInvis +   d - +0 whip
rCold   x . .      Faith    .   (no shield)
rNeg    . . .      Spirit   .   a - +0 robe
rPois   ∞          Reflect  .   (no helmet)
rElec   .          Harm     .   (no cloak)
rCorr   .          Rampage  .   (no gloves)
Will    .....                   (boots unavailable)
Stlth   +.........              (no amulet)
HPRegen 0.10/turn               j - ring of see invisible
MPRegen 0.00/turn               (no ring)

@: confused, flying
A: sickness immunity, fire resistance 2, cold vulnerability 1, float, innate
caster, HP casting, extra vitality 1
a: no special abilities


You were on level 2 of the Dungeon.
You visited 1 branch of the dungeon, and saw 2 of its levels.

You collected 44 gold pieces.

Inventory:

Hand Weapons
 d - a +0 whip (weapon)
Armour
 a - a +0 robe (worn)
 i - a +0 leather armour
Jewellery
 j - a ring of see invisible (left hand)
Scrolls
 b - a scroll of fear {unknown}
 c - a scroll of fog {unknown}
 f - a scroll of poison {unknown}
 g - 3 scrolls of identify {unknown}
 h - a scroll of acquirement {unknown}
Potions
 e - a potion of mutation {unknown}
 l - a potion of flight {unknown}


   Skills:
 + Level 1.2 Fighting
 + Level 1.3 Armour
 + Level 2.9 Dodging
 - Level 1.5 Stealth
 + Level 2.7 Spellcasting


You couldn't memorise any spells.
You knew the following spells:

 Your Spells              Type           Power      Damage    Failure   Level
a - Foxfire               Conj/Fire      48%        2x1d6     5%          1
b - Scorch                Fire           24%        2d6       9%          2
c - Conjure Flame         Conj/Fire      12%        6-21      16%         3
d - Inner Flame           Hex/Fire       12%        N/A       16%         3
e - Flame Wave            Conj/Fire      12%        2d6       47%         4
f - Magic Dart            Conj           48%        1d5       5%          1
Your spell library was empty.

Dungeon Overview and Level Annotations

Branches:
Dungeon (2/15)

Altars:

Annotations:
D:2 Sigmund


Innate Abilities, Weirdness & Mutations

You are immune to sickness and miasma.
You are immune to poison.
Your flesh is very heat resistant. (rF++)
You are vulnerable to cold. (rC-)
You float through the air rather than walking.
You learn spells naturally, not from books.
Your magical power is your life essence.
You have superior vitality. (+4 MHP)


Message History

Sigmund gestures wildly while chanting.
Sigmund flickers and vanishes for a moment.
You bump into the rock wall.
Sigmund casts a spell at you. The puff of flame hits you. You resist.
* * * LOW HITPOINT WARNING * * *
You feel less confused.
Throw: dart (atropa)
Press: ? - help, Q - select action, (/) - cycle Shift-Dir - straight line, f - Sigmund
Aim: Sigmund, wielding a +2 vorpal scythe and wearing a +0 robe (heavily wounded, slightly transparent, 53% to hit, chance to blind on hit: 80%)
You throw an atropa-tipped dart.
The atropa-tipped dart closely misses Sigmund.
Sigmund misses you.
You hit Sigmund.
Sigmund is heavily wounded.
Sigmund barely misses you.
You hit Sigmund.
Sigmund is heavily wounded.
Sigmund is suddenly surrounded by pale red light.
Sigmund hits you with a +2 vorpal scythe.
* * * LOW HITPOINT WARNING * * *
x2 You closely miss Sigmund.
Sigmund is heavily wounded.
Sigmund misses you.
You hit Sigmund.
Sigmund is severely wounded.
You barely miss Sigmund.
Sigmund is severely wounded.
Sigmund closely misses you.
You closely miss Sigmund.
Sigmund is severely wounded.
Sigmund barely misses you.
You hit Sigmund.
Sigmund is almost dead.
You closely miss Sigmund.
Sigmund is almost dead.
Sigmund gestures at you while chanting.
You are confused.
Sigmund hits you with a +2 vorpal scythe!
You die...

###.)##..#.#
#........### .#
#....>.....# .#
###.##.#.#.# .#
..........#.# (#
..........#.# (#
#.........##.# .#
#.........##.#####.#
#.........##....@@(#
#.........##########
####.#####


You could see Sigmund (invisible).

Vanquished Creatures
  2 adders (D:2)
  A dart slug (D:1)
  2 ball pythons (D:1)
  3 endoplasms (D:1)
  4 goblins
  3 jackals (D:1)
  3 kobolds
  3 quokkas (D:1)
  2 bats (D:1)
  3 rats (D:1)
26 creatures vanquished.

Vanquished Creatures (others)
  39 foxfires (D:1)
39 creatures vanquished.

Grand Total: 65 creatures vanquished

Notes
Turn   | Place    | Note
-------+----------+-------------------------------------------
     0 | D:1      | Mitcholas the Djinni Fire Elementalist began the quest for
                  | the Orb.
     0 | D:1      | Mitcholas set off with the following spells memorised:
                  | Foxfire, Scorch, Conjure Flame, Inner Flame, Flame Wave.
     0 | D:1      | Reached XP level 1. HP: 15/15 MP: 0/0
   368 | D:1      | Reached XP level 2. HP: 19/22 MP: 0/0
   890 | D:1      | Found a faded altar of an unknown god.
  1197 | D:1      | Reached XP level 3. HP: 17/26 MP: 0/0
  1197 | D:1      | Learned a level 1 spell: Magic Dart
  1201 | D:1      | Reached skill level 1 in Armour
  1204 | D:1      | Reached skill level 1 in Fighting
  2175 | D:2      | Reached XP level 4. HP: 29/32 MP: 0/0
  2231 | D:2      | Noticed Sigmund
  2257 | D:2      | Slain by Sigmund

Illustrated notes

Levels and vault maps discovered:
D:1:      dpeg_arrival_arbitrary_b, layout_loops_corners,
          hellmonk_ecumenical_altar_arch_garden, minmay_pentomino_u2
D:2:      layout_basic, minmay_misc_feat_hallway, chequers_serial_rivers_room_a,
          minmay_misc_feat_diagonals, uniq_sigmund

Skill      XL: |  1  2  3 |
---------------+----------+-----
Armour         | 1 |  1.3
Fighting       | 1 |  1.2
Dodging        | |  2.9
Stealth        | |  1.5
Spellcasting   | |  2.7

Action                   |  1- 3 |  4- 6 || total
-------------------------+-------+-------++-------
Melee: Whip              |    25 |     8 ||    33
       Unarmed           |     1 |       ||     1
Throw: Dart              |       |     4 ||     4
 Cast: Foxfire           |    26 |       ||    26
       Magic Dart        |    25 |     7 ||    32
 Stab: Sleeping          |     1 |       ||     1
Armor: Robe              |     3 |       ||     3
Dodge: Dodged            |    29 |     7 ||    36
